 Dungeon Crawl Stone Soup version 0.32-a0-629-g87aaac5c70 (webtiles) character file.

Game seed: 15357932376024754775

12463 flappinfish the Cleaver (level 11, -4/87 HPs)
             Began as a Coglin Gladiator on Mar 6, 2024.
             Was an Initiate of Gozag.
             Slain by Gastronok (14 damage)
             ... on level 11 of the Dungeon.
             The game lasted 00:31:19 (11965 turns).

flappinfish the Cleaver (Coglin Gladiator)         Turns: 11965, Time: 00:31:21

Health: -4/87      AC: 16    Str: 18    XL:     11   Next: 93%
Magic:  11/11      EV: 13    Int:  9    God:    Gozag
Gold:   1137       SH:  0    Dex: 15    Spells: 10/10 levels left

rFire   . . .        a - +0 war axe (drain) {Niklaus}
rCold   . . .        u - +0 hand axe {Nozipho}
rNeg    . . .        v - +2 ring mail {rPois}
rPois   +            c - +0 helmet
rElec   .            n - +2 cloak
rCorr   .            B - +2 pair of gloves
SInv    .            (no boots)
Will    .....        (amulet unavailable)
Stlth   +            (ring unavailable)
HPRegen 0.34/turn    (ring unavailable)
MPRegen 0.12/turn    (no gizmo)

%: no passive effects
@: hasted, revved, very quick
A: off-hand wielding, slow wielding, warmup strikes, no jewellery
a: Invent Gizmo, Renounce Religion, Potion Petition, Call Merchant, Bribe Branch


You were on level 11 of the Dungeon.
You worshipped Gozag.
Gozag was most pleased with you.
You visited 2 branches of the dungeon, and saw 12 of its levels.

You collected 1835 gold pieces.
You paid 698 gold pieces to Gozag.

Inventory:

Hand Weapons
 a - a +0 war axe of draining (weapon) {Niklaus}
 f - a +0 dagger {Balvinder}
 g - a +2 trident of draining
 m - a +0 dagger of holy wrath {Zihan}
 u - a +0 hand axe (offhand) {Nozipho}
Missiles
 d - 3 curare-tipped darts (quivered)
 e - a javelin
 r - 32 poisoned darts
 F - a throwing net
Armour
 b - a +0 leather armour
 c - a +0 helmet (worn)
 n - a +2 cloak (worn)
 v - a +2 ring mail of poison resistance (worn)
 B - a +2 pair of gloves (worn)
Wands
 k - a wand of charming (19)
 s - a wand of mindburst (6)
 x - a wand of polymorph (6)
Scrolls
 i - 2 scrolls of enchant weapon
 l - 2 scrolls of blinking
 p - a scroll of identify
 q - 2 scrolls of revelation
 t - a scroll of fear
 y - 2 scrolls of butterflies
 z - a scroll of amnesia
 A - 3 scrolls of teleportation
 C - a scroll of poison
Potions
 h - 2 potions of attraction
 j - a potion of invisibility
 o - a potion of enlightenment
 w - 2 potions of curing
 D - a potion of resistance


   Skills:
 + Level 8.8 Fighting
 + Level 14.2 Axes
 + Level 3.0 Throwing
 + Level 5.5 Armour
 + Level 6.2 Dodging
 + Level 1.7 Evocations


You had 10 spell levels left.
You didn't know any spells.
Your spell library contained the following spells:

 Spells                   Type           Power      Damage    Failure   Level
 Magic Dart               Conj           0%         1d3       56%         1
 Blink                    Tloc           0%         N/A       71%         2
 Call Imp                 Summ           0%         N/A       71%         2
 Inner Flame              Hex/Fire       0%         N/A       90%         3
 Flame Wave               Conj/Fire      0%         2d4       100%        4
 Sticky Flame             Fire/Alch      0%         2d4       100%        4
 Vhi's Electric Charge    Tloc/Air       0%         N/A       100%        4
 Arcjolt                  Conj/Air       0%         1d10      100%        5
 Plasma Beam              Fire/Air       0%         2x1d10    100%        6
 Maxwell's Capacitive Co  Air            0%         ∞         100%        8


Dungeon Overview and Level Annotations

Branches:
Dungeon (11/15)            Temple (1/1) D:5            Lair (0/5) D:9
    Orc (0/2) D:9

Altars:
Ashenzari
Cheibriados
Dithmenos
Elyvilon
Fedhas
Gozag
Hepliaklqana
Kikubaaqudgha
Makhleb
Nemelex Xobeh
Okawaru
Qazlal
Ru
Sif Muna
Trog
Uskayaw
Vehumet
Wu Jian
Xom
Yredelemnul
Zin
The Shining One

Shops:
D:9 (

Annotations:
D:5 3 runed translucent doors, temujin's ghost, novice OnCj
D:7 2 runed translucent doors
D:8 2 transporters, syranez's ghost, novice MiBe
D:9 2 transporters, Zigma's ghost, novice OpMo
D:11 Gastronok


Innate Abilities, Weirdness & Mutations

You can wield a second weapon in your off-hand.
It takes a long time for you to wield or remove held weapons.
Your first few attacks do less damage.
You cannot equip rings or amulets.


Message History

Unknown command.
You hit Gastronok with your +0 hand axe.
Gastronok is lightly wounded.
You slash Gastronok with your +0 war axe of draining!
You slash Gastronok with your +0 hand axe!
Gastronok is moderately wounded.
You hit Gastronok but do no damage.
Gastronok waves his eye-stalks in wide circles.
The air twists around and strikes you!!
* * * LOW HITPOINT WARNING * * *
Unknown command.
Okay, then.
Unknown command.
Okay, then.
You slash Gastronok with your +0 hand axe!
Gastronok is moderately wounded.
You slash Gastronok with your +0 war axe of draining!
You drain Gastronok.
Unknown command.
You feel yourself speed up.
Gastronok makes a strange noise.
Gastronok closely misses you.
You hit Gastronok but do no damage. You drain Gastronok.
Gastronok is heavily wounded.
You hit Gastronok but do no damage.
You slash Gastronok with your +0 hand axe!
Gastronok is heavily wounded.
You slash Gastronok with your +0 war axe of draining!
You drain Gastronok.
You slash Gastronok with your +0 hand axe!
Gastronok is severely wounded.
You hit Gastronok with your +0 war axe of draining.
You drain Gastronok.
You slash Gastronok with your +0 hand axe!
Gastronok is almost dead.
You hit Gastronok with your +0 war axe of draining.
You drain Gastronok. Gastronok bites you!
You die...
Gastronok gurgles, "Let's see if you taste as good as that wizard did."
Your body crumbles into a pile of gold.

####...###....# #...
#..........#...#########
#...
####.......#...#.......#
#... #.......#...#.......#
#... ####....#...#.).....#
+... ## #....#...#.......#
#..> .#
###....#.(.#.......# #...
.# #......#.w.#.......#
#... .#
#[#....#.@.#.......# #...
.# #......#...#.......# #..
##########....#...#.......#
....).......^.#...#.......#
##########....#...'.......#
# #....#...#.......# #
#....#...#.......# ######
#....#...#.......# .....###
#....#....###+####


You could see Gastronok (poisoned, drained).

Vanquished Creatures
  Erolcha (D:9)
  A two-headed ogre (D:9)
  A death yak (D:9)
  Pikel (D:7)
  A cyclops (D:11)
  Maurice (D:8)
  Jeremiah (D:8)
  5 trolls
  2 hornets
  A shadow (D:11)
  A wyvern (D:8)
  A steam dragon (D:8)
  22 yaks
  A basilisk (D:11)
  An acid dragon (D:9)
  7 orc warriors
  3 ice beasts
  2 sky beasts (D:7)
  A black bear (D:5)
  2 ogres (D:5)
  2 centaurs (D:9)
  2 phantoms
  A lemure (D:7)
  4 kobold brigands
  3 bullfrogs
  A gnoll sergeant (D:8)
  2 scorpions
  3 killer bees (D:9)
  An electric eel (D:7)
  8 howler monkeys
  A crimson imp (D:5)
  A bombardier beetle (D:5)
  A hound (D:4)
  4 orc priests
  4 jellies
  A gnoll bouda (D:9)
  7 iguanas
  8 orc wizards
  2 hell rats (D:9)
  A hound zombie (D:2)
  8 adders
  11 gnolls
  3 white imps
  2 adder skeletons (D:2)
  3 ribbon worms
  2 dart slugs
  23 orcs
  9 ball pythons
  6 endoplasms
  5 giant cockroaches
  9 goblins
  6 hobgoblins
  11 jackals
  3 quokkas
  3 ball python skeletons (D:2)
  A ball python zombie (D:2)
  5 bats
  3 frilled lizards
  A giant cockroach zombie (D:2)
  23 kobolds
  7 rats
257 creatures vanquished.

Vanquished Creatures (others)
  2 lemures (D:7)
2 creatures vanquished.

Grand Total: 259 creatures vanquished

Notes
Turn   | Place    | Note
-------+----------+-------------------------------------------
     0 | D:1      | flappinfish the Coglin Gladiator began the quest for the
                  | Orb.
     0 | D:1      | Reached XP level 1. HP: 16/16 MP: 1/1
   101 | D:1      | Reached XP level 2. HP: 22/22 MP: 2/2
   750 | D:2      | Reached XP level 3. HP: 22/27 MP: 3/3
   916 | D:2      | Reached XP level 4. HP: 30/34 MP: 4/4
   954 | D:2      | Reached skill level 4 in Axes
  1454 | D:3      | Reached XP level 5. HP: 39/39 MP: 5/5
  1637 | D:3      | Noticed a phantom
  1651 | D:3      | Killed a phantom
  1652 | D:3      | Reached skill level 1 in Armour
  1652 | D:3      | Reached XP level 6. HP: 20/47 MP: 6/6
  1886 | D:3      | Reached skill level 5 in Axes
  2689 | D:4      | Reached XP level 7. HP: 37/52 MP: 7/7
  2842 | D:5      | Entered Level 5 of the Dungeon
  2881 | D:5      | Reached skill level 6 in Axes
  3306 | D:5      | Found a blossoming altar of Fedhas.
  3307 | D:5      | Found a stormy altar of Qazlal.
  3408 | D:5      | Found a runed translucent gate.
  3412 | D:5      | Found a runed translucent gate.
  3413 | D:5      | Found a runed translucent gate.
  3414 | D:5      | Noticed temujin's ghost (novice OnCj)
  3648 | D:5      | Reached skill level 7 in Axes
  3648 | D:5      | Reached XP level 8. HP: 13/60 MP: 8/8
  3940 | D:5      | Found a staircase to the Ecumenical Temple.
  3964 | Temple   | Entered the Ecumenical Temple
  3979 | Temple   | Became a worshipper of Gozag Ym Sagoz the Greedy
  4202 | D:6      | Noticed a troll
  4290 | D:6      | Killed a troll
  4291 | D:6      | Reached skill level 8 in Axes
  4828 | D:6      | Found a hazy altar of Hepliaklqana.
  5145 | D:7      | You fall into a shaft and drop 2 floors!
  5183 | D:9      | Noticed Erolcha
  5272 | D:8      | Noticed a wyvern
  5281 | D:8      | Killed a wyvern
  5324 | D:8      | Found a shimmering altar of Xom.
  5325 | D:8      | Noticed an angel
  5326 | D:8      | Found a glowing silver altar of Zin.
  5356 | D:8      | Reached skill level 5 in Fighting
  5356 | D:8      | Reached XP level 9. HP: 58/68 MP: 9/9
  5439 | D:7      | Reached skill level 9 in Axes
  5694 | D:7      | Noticed Pikel
  5730 | D:7      | Killed Pikel
  5898 | D:7      | Found a runed translucent door.
  5900 | D:7      | Found a runed translucent door.
  6470 | D:7      | Reached skill level 5 in Dodging
  6533 | D:7      | Found a glowing golden altar of the Shining One.
  6616 | D:6      | Reached skill level 10 in Axes
  6669 | D:7      | Reached skill level 1 in Evocations
  6899 | D:7      | Found a snail-covered altar of Cheibriados.
  7271 | D:8      | Noticed Jeremiah
  7328 | D:8      | HP: 1/64 [Jeremiah/divine providence (11)]
  7332 | D:8      | Killed Jeremiah
  7333 | D:8      | Reached XP level 10. HP: 27/76 MP: 10/10
  7589 | D:8      | Noticed Maurice
  7599 | D:8      | Something stole a +2 trident of draining
  7601 | D:8      | Something stole 18 poisoned darts
  7631 | D:8      | Something stole 270 gold
  7633 | D:8      | Something stole 418 gold
  7638 | D:8      | Something stole 23 gold
  7641 | D:8      | Killed Maurice
  8073 | D:8      | Reached skill level 11 in Axes
  8188 | D:8      | Found an iron altar of Okawaru.
  8384 | D:8      | Found a transporter.
  8390 | D:8      | Noticed syranez's ghost (novice MiBe)
  8405 | D:8      | Found a transporter.
  8744 | D:9      | Found a transporter.
  8746 | D:9      | Noticed a wolf spider
  8747 | D:9      | Noticed a manticore
  8748 | D:9      | Noticed Zigma's ghost (novice OpMo)
  8757 | D:9      | Noticed a moth of wrath
  9106 | D:9      | Reached skill level 12 in Axes
  9109 | D:9      | Reached skill level 5 in Armour
  9208 | D:9      | Reached XP level 11. HP: 84/84 MP: 11/11
  9321 | D:9      | Found a staircase to the Lair.
  9340 | D:9      | Noticed a death yak
  9353 | D:9      | Killed a death yak
  9369 | D:9      | Reached skill level 13 in Axes
  9513 | D:9      | Found a staircase to the Orcish Mines.
  9553 | D:9      | Killed Erolcha
  9801 | D:9      | Noticed a two-headed ogre
  9805 | D:9      | Killed a two-headed ogre
  9869 | D:9      | Found a transporter.
 10289 | D:10     | Entered Level 10 of the Dungeon
 11643 | D:11     | Noticed a cyclops
 11654 | D:11     | Killed a cyclops
 11655 | D:11     | Reached skill level 14 in Axes
 11948 | D:11     | Noticed Gastronok
 11965 | D:11     | Slain by Gastronok

Illustrated notes

Levels and vault maps discovered:
D:1:      minmay_arrival_stair_chambers, layout_loops_ring
D:2:      minmay_angry_zag, layout_rooms, serial_undead, serial_undead_d,
          serial_undead_d, serial_undead_b, serial_undead_b, serial_undead_e,
          serial_undead_c, serial_undead_f, serial_undead_d,
          chequers_serial_rivers_large_b
D:3:      layout_rooms
D:4:      layout_rooms
D:5:      layout_basic, grunt_temple_overflow_forces_of_nature, temple_hall,
          gammafunk_ghost_necromancy, minmay_fire_ice_demons
D:6:      layout_layer_cave, lemuel_crystal_altar
D:7:      lemuel_insect_pit, layout_loops_ring,
          mainiacjoe_overflow_catch_the_wave, uniq_pikel
D:8:      layout_basic, lemuel_round_altar,
          grunt_temple_overflow_order_and_chaos_1, gammafunk_ghost_stat_death,
          corner_web_ring, eino_tiny_chamber, uniq_maurice, uniq_jeremiah
D:9:      layout_stronghold, dpeg_lair_monsters, orc_0_dummy,
          gammafunk_ghost_berserking_beasts, kennysheep_generic_room_5,
          uniq_erolcha
D:10:     layout_grid_maze
D:11:     layout_basic, uniq_gastronok
Temple:   zaba_magenta_temple

Skill      XL: |  1  2  3  4  5  6  7  8  9 10 11 |
---------------+----------------------------------+-----
Dodging        | 3 4 5 6 |  6.2
Throwing       | 2 3 |  3.0
Axes           | 4 5 7 8 10 12 14 | 14.2
Fighting       | 3 5 6 7 8 |  8.8
Armour         | 1 2 3 4 5 |  5.5
Evocations     | 1 |  1.7

Action                     |  1- 3 |  4- 6 |  7- 9 | 10-12 || total
---------------------------+-------+-------+-------+-------++-------
  Melee: War axe           |    62 |   133 |   264 |   331 ||   790
         Dagger            |    59 |   117 |    44 |       ||   220
         Hand axe          |       |       |   214 |   315 ||   529
  Throw: Dart              |       |     4 |     2 |    10 ||    16
         Throwing net      |       |     3 |     2 |       ||     5
         Javelin           |       |       |     1 |       ||     1
 Invoke: Call Merchant     |       |       |       |     1 ||     1
  Evoke: Wand              |       |       |     3 |       ||     3
    Use: Scroll            |       |       |    11 |     5 ||    16
         Potion            |       |       |    14 |     1 ||    15
   Stab: Held in net/web   |       |     3 |       |       ||     3
         Invisible         |       |       |     8 |       ||     8
         Distracted        |       |       |       |     4 ||     4
 Armour: Leather armour    |    33 |    80 |   145 |    56 ||   314
         Ring mail         |       |       |       |   100 ||   100
  Dodge: Dodged            |    45 |    76 |   117 |   162 ||   400

Table legend: (Time is in decaauts)
 A = Elapsed time spent in this place.
 B = Non-inter-level travel time spent in this place.
 C = Inter-level travel time spent in this place.
 D = Time resting spent in this place.
 E = Time spent auto-exploring this place.
 F = Levels seen in this place.
 G = Mean time per level.
                   A        B        C        D        E       F      G
               +--------+--------+--------+--------+--------+-----+--------+
         Total |  11934 |  11556 |    378 |   3603 |   5676 |  12 |  994.5 |
       Dungeon |  11903 |  11553 |    350 |   3603 |   5676 |  11 | 1082.1 |
        Temple |     30 |      2 |     28 |      0 |      0 |   1 |   30.0 |
               +--------+--------+--------+--------+--------+-----+--------+

Top non-repeatable levels by time:
     D:9: 1632 daAuts
     D:8: 1604 daAuts
     D:7: 1477 daAuts
     D:5: 1256 daAuts
     D:6: 1190 daAuts
    D:10: 1036 daAuts
     D:3: 851 daAuts
     D:2: 759 daAuts
     D:1: 744 daAuts
     D:4: 743 daAuts
    D:11: 605 daAuts
  Temple: 30 daAuts
